 Dungeon Crawl Stone Soup version 0.24.0-123-gd5b16e6ec5 (webtiles) character file.

Game seed: 10645037620899413834, levelgen mode: deterministic

357 Cunning1Sparkmage the Ducker (level 6, 0/64 HPs)
             Began as a Merfolk Air Elementalist on Jan 4, 2020.
             Slain by an ogre
             ... wielding a +0 giant club
              (8 damage)
             ... on level 4 of the Dungeon.
             The game lasted 00:15:27 (4047 turns).

Cunning1Sparkmage the Ducker (MfAE)                 Turns: 4047, Time: 00:15:29

Health: 0/64       AC:  7    Str: 14    XL:     6   Next: 64%
Magic:  5/10       EV: 12    Int: 16    God:
Gold:   159        SH:  0    Dex: 14    Spells: 4/10 levels left

rFire    . . .     SeeInvis .   g - +0 short sword (drain)
rCold    . . .     Gourm    .   (no shield)
rNeg     . . .     Faith    .   v - +0 ring mail
rPois    .         Spirit   .   f - +0 helmet
rElec    .         Reflect  .   (no cloak)
rCorr    .         Harm     .   s - +0 pair of gloves
MR       .....                  (no boots)
Stlth    ..........             (no amulet)
HPRegen  0.20/turn              (no ring)
MPRegen  0.12/turn              (no ring)

@: berserking, very quick
A: change form in water, swift swim, stealthy swim
a: no special abilities


You were on level 4 of the Dungeon.
You were hungry.

You visited 1 branch of the dungeon, and saw 4 of its levels.

You collected 159 gold pieces.

Inventory:

Hand Weapons
 g - a +0 short sword of draining (weapon)
 j - a +4 vampiric scythe
 m - a +0 dagger
 z - a +0 hunting sling
 A - a +0 war axe
Missiles
 b - 49 arrows
 e - 46 bolts
 h - 155 stones (quivered)
 q - 73 sling bullets
 J - 8 poisoned darts
Armour
 a - a +0 robe
 f - a +0 helmet (worn)
 p - a +0 leather armour
 s - a +0 pair of gloves (worn)
 v - a +0 ring mail (worn)
 C - a +0 scale mail
 I - a +0 plate armour
Wands
 w - a wand of paralysis (5)
 y - a wand of flame (7)
 B - a wand of acid (7)
Scrolls
 d - a scroll of amnesia
 i - a scroll of enchant armour
 k - a scroll of remove curse {unknown}
 l - a scroll of immolation {unknown}
 r - a scroll of noise {unknown}
 t - a scroll of magic mapping {unknown}
 x - a scroll of fog
 H - a scroll of enchant weapon {unknown}
 L - a scroll of identify
Potions
 n - 2 potions of brilliance
 u - a potion of flight
 D - a potion of agility {unknown}
 E - a potion of degeneration {unknown}
 F - a potion of might {unknown}
 G - a potion of resistance {unknown}
 K - a potion of curing {unknown}
Comestibles
 c - 4 rations


   Skills:
 + Level 1.1 Fighting
 + Level 3.2 Short Blades
 + Level 0.2 Throwing
 + Level 1.2 Armour
 + Level 3.7 Dodging
 + Level 3.1 Stealth
 + Level 2.9 Spellcasting
 + Level 1.5 Conjurations
 + Level 0.8 Charms
 + Level 3.4 Air Magic
 + Level 0.2 Evocations


You had 4 spell levels left.
You knew the following spells:

 Your Spells              Type           Power        Failure   Level  Hunger
a - Shock                 Conj/Air       ##..         14%         1    #......
b - Swiftness             Chrm/Air       #.......     24%         2    ##.....
c - Static Discharge      Conj/Air       ##......     38%         3    ###....

Your spell library contained the following spells:

 Spells                   Type           Power        Failure   Level  Hunger
 Airstrike                Air            ##........   67%         4    #####..
 Lightning Bolt           Conj/Air       ##........   98%         5    ######.


Dungeon Overview and Level Annotations

Branches:
Dungeon (4/15)
 Temple: D:4-7

Altars:
Elyvilon
Fedhas
Hepliaklqana
Okawaru


Message History

The centaur shoots an arrow.
The arrow hits you.
Casting: Shock (safe; 19% risk of failure)
Confirm with . or Enter, or press ? or * to list all spells.
Aiming: Shock (safe; 19% risk of failure)
Press: ? - help, Shift-Dir - straight line, f/p - ogre
Aim: an ogre, wielding a +0 giant club (moderately wounded)
The zap hits the ogre.
The ogre is heavily wounded.
The centaur shoots an arrow.
The arrow barely misses you.
You hit the ogre.
The ogre is heavily wounded.
The ogre hits you with a +0 giant club!!
* * * LOW HITPOINT WARNING * * *
A red film seems to cover your vision as you go berserk!
You feel yourself moving faster!
You feel mighty!
An orc comes into view. It is wielding a +0 short sword.
The centaur shoots an arrow.
The arrow hits you.
* * * LOW HITPOINT WARNING * * *
The ogre hits you with a +0 giant club!
You die...

.. ##########§ .....#.
.. .. ..§§ .o........
... ###§#
......#.###.### ###...
##c............#.#.....
+(....(...... #.###.##
#...#...... #.# #..#
#.....O#.####+#.###..#
#....@...............#
#.$..(...............#
#....................#
#..........#.........#
#...##....†....#.....#
#..............'.#...#
#..............###....
#...#.#........# #..##
#.#.#$#........# #..#


You could see an ogre, a centaur and an orc.

Vanquished Creatures
  Sigmund (D:3)
  A bullfrog skeleton (D:2)
  An orc priest (D:3)
  Ijyb (D:3)
  Robin (D:3)
  3 gnolls (D:2)
  2 adders (D:3)
  2 dart slugs (D:1)
  3 orcs (D:3)
  2 giant cockroaches (D:3)
  16 goblins
  9 hobgoblins
  3 jackals (D:1)
  A quokka (D:3)
  A ball python (D:4)
  7 bats
  6 frilled lizards
  7 kobolds
  9 rats
76 creatures vanquished.

Notes
Turn   | Place    | Note
-------+----------+-------------------------------------------
     0 | D:1      | Cunning1Sparkmage the Merfolk Air Elementalist began the
                  | quest for the Orb.
     0 | D:1      | Reached XP level 1. HP: 13/13 MP: 3/3
   410 | D:1      | Reached XP level 2. HP: 16/19 MP: 0/5
   414 | D:1      | Learned a level 2 spell: Swiftness
   546 | D:1      | Reached skill level 1 in Conjurations
  1001 | D:1      | Reached XP level 3. HP: 24/24 MP: 6/6
  1006 | D:1      | Learned a level 3 spell: Static Discharge
  1444 | D:2      | Reached XP level 4. HP: 11/30 MP: 0/7
  1494 | D:2      | Found a white marble altar of Elyvilon.
  1502 | D:2      | Became a worshipper of Elyvilon the Healer
  1525 | D:2      | Fell from the grace of Elyvilon
  1527 | D:2      | Reached skill level 1 in Short Blades
  1549 | D:2      | Found an iron altar of Okawaru.
  2126 | D:3      | Noticed Ijyb
  2160 | D:3      | Killed Ijyb
  2160 | D:3      | Reached XP level 5. HP: 13/36 MP: 8/8
  2416 | D:3      | Found a blossoming altar of Fedhas.
  2418 | D:3      | Noticed Robin
  2419 | D:3      | Noticed Sigmund
  2451 | D:4      | Found a hazy altar of Hepliaklqana.
  2768 | D:3      | HP: 1/36 [goblin/+0 club[Robin] (3)]
  3418 | D:3      | Killed Sigmund
  3418 | D:3      | Reached skill level 1 in Fighting
  3418 | D:3      | Reached skill level 1 in Armour
  3418 | D:3      | Reached XP level 6. HP: 13/43 MP: 1/10
  3711 | D:3      | Killed Robin
  4047 | D:4      | Slain by an ogre

Levels and vault maps discovered:
D:1:      eino_arrival_cavern_e, layout_basic, st_stairs_1,
          minmay_tiny_reverse_x
D:2:      layout_loops_cross, kennysheep_okawaru_gauntlet,
          overflow_temple_1_default
D:3:      layout_loops_ring, fedhas_ov_isle_minmay, first_ration, uniq_robin,
          uniq_ijyb, uniq_sigmund
D:4:      cheibrodos_quashed, layout_basic, kiku_gazebo_pond_becter,
          kennysheep_mini

Skill      XL: |  1  2  3  4  5 |
---------------+----------------+-----
Conjurations   | 1 |  1.5
Dodging        | 3 |  3.7
Short Blades   | 2 3 |  3.2
Air Magic      | 3 |  3.4
Fighting       | 1 |  1.1
Armour         | 1 |  1.2
Stealth        | 3 |  3.1
Throwing       | |  0.2
Spellcasting   | |  2.9
Charms         | |  0.8
Evocations     | |  0.2

Action                   |  1- 3 |  4- 6 || total
-------------------------+-------+-------++-------
Melee: Short sword       |    59 |   168 ||   227
       Scythe            |       |    18 ||    18
Throw: Stone             |       |     6 ||     6
 Cast: Shock             |    23 |    26 ||    49
       Swiftness         |       |     4 ||     4
Invok: Renounce Religion |       |     1 ||     1
Evoke: Wand              |       |     4 ||     4
  Use: Potion            |     3 |     2 ||     5
       Scroll            |       |     7 ||     7
 Stab: Sleeping          |     1 |     1 ||     2
       Paralysed         |       |     3 ||     3
  Eat: Chunk             |       |     7 ||     7
       Ration            |       |     1 ||     1
Armor: Robe              |     7 |       ||     7
       Leather armour    |     7 |       ||     7
       Ring mail         |     5 |    96 ||   101
Dodge: Dodged            |    45 |   136 ||   181
